Map: Nightshade LE

Players

Osiris

  • Race: Terran Terran
  • League: Diamond
  • Spawn Location: 11:00

HateNate - Winner!

  • Race: Terran Terran
  • League: Diamond
  • Spawn Location: 5:00

VOD

Have the link to the VOD?

Description

Time

  • Played on: Feb. 15, 2020, 4:45 p.m.
  • Length: 16:00
Show
View Real Time Build Order
Export as new Build Order

Osiris Terran 

Build Orders: Hellion Opening, Reaper Expand, Mech 

Get SALT Encoding   

  12  0:00  SCV  
  13  0:13  SCV  
  14  0:17  Supply Depot  
  14  0:25  SCV  
  15  0:39  SCV  
  15  0:40  Barracks  
  16  0:43  Refinery  
  16  0:51  SCV  
  17  1:03  SCV  
  18  1:15  SCV  
  19  1:28  Reaper, Orbital Command  
  20  1:44  Command Center  
  20  1:53  SCV  
  21  2:00  Marine  
  22  2:02  Supply Depot  
  22  2:09  SCV, Factory  
  23  2:18  Refinery  
  23  2:20  Barracks Reactor  
  23  2:23  SCV  
  24  2:35  SCV  
  25  2:47  SCV  
  26  2:56  Starport  
  26  3:01  Hellion x2  
  26  3:02  Barracks Tech Lab  
  26  3:05  Orbital Command  
  30  3:06  SCV  
  31  3:18  SCV  
  32  3:24  Hellion x2  
  36  3:30  SCV  
  36  3:33  SCV  
  38  3:43  SCV  
  38  3:45  SCV, Refinery  
  38  3:46  Hellion x2, Raven  
  46  3:59  Supply Depot  
  46  4:00  Supply Depot  
  46  4:04  SCV x2  
  46  4:08  Hellion x2  
  52  4:16  SCV x2  
  54  4:42  SCV  
  55  4:47  Viking x2, Siege Tank  
  55  4:50  Command Center  
  55  4:51  SCV  
  63  4:54  Supply Depot  
  63  4:55  SCV  
  55  5:19  Siege Tank  
  54  5:21  Viking x2  
  54  5:26  Barracks Tech Lab  
  54  5:27  SCV, Factory  
  59  5:30  Refinery  
  59  5:36  SCV  
  59  5:41  SCV  
  61  5:49  Factory  
  61  5:51  Siege Tank  
  61  5:52  Viking  
  66  5:58  Viking  
  66  5:59  SCV  
  66  6:01  SCV  
  70  6:07  Orbital Command  
  70  6:11  Barracks Reactor, SCV  
  70  6:13  SCV  
  70  6:17  Siege Tank  
  75  6:23  SCV  
  78  6:25  SCV  
  78  6:32  Orbital Command, Siege Tank  
  80  6:35  SCV  
  81  6:54  Viking x2, Siege Tank  
  84  6:56  SCV  
  89  7:06  Siege Tank  
  90  7:12  Refinery  
  90  7:13  Refinery  
  90  7:23  SCV  
  90  7:25  SCV  
  92  7:33  Supply Depot x2  
  92  7:36  Supply Depot  
  92  7:37  Armory  
  92  7:40  Armory  
  92  7:42  Hellion x2, Siege Tank  
  92  7:43  Hellion  
  101  7:55  Viking x2, SCV x3  
  101  7:56  Supply Depot  
  108  7:59  Command Center  
  108  8:00  Command Center  
  108  8:01  Supply Depot  
  108  8:03  Hellion  
  110  8:06  Hellion, Siege Tank  
  110  8:07  SCV x3  
  118  8:16  Siege Tank  
  118  8:19  SCV x2  
  123  8:28  Viking x2  
  123  8:29  Hellion x2  
  131  8:40  Barracks Tech Lab  
  130  8:41  SCV, Factory  
  130  8:42  Terran Vehicle Weapons Level 1  
  130  8:43  Factory  
  130  8:44  Terran Vehicle And Ship Armor Level 1  
  130  8:47  SCV  
  130  8:48  SCV  
  132  8:52  Siege Tank  
  132  8:53  Hellion x2  
  139  8:56  SCV  
  140  9:08  Supply Depot  
  140  9:09  Supply Depot  
  140  9:10  Siege Tank  
  140  9:12  Supply Depot  
  140  9:13  Viking x2  
  140  9:14  SCV x2, Supply Depot  
  149  9:25  Engineering Bay  
  149  9:26  Factory Reactor  
  149  9:30  SCV  
  150  9:31  SCV  
  150  9:36  Supply Depot  
  150  9:37  Supply Depot  
  150  9:38  Siege Tank x2  
  157  9:39  Hellion x2  
  161  9:46  Supply Depot  
  161  9:47  Supply Depot  
  161  9:53  Viking, Siege Tank  
  161  9:54  Viking, Engineering Bay  
  168  10:11  Hellion x3  
  168  10:12  Hellion, Siege Tank x2  
  180  10:27  Factory  
  180  10:28  Factory  
  180  10:33  Factory  
  180  10:37  Siege Tank  
  180  10:38  Hellion x3  
  180  10:39  Hellion  
  187  11:10  Siege Tank x2  
  187  11:11  Hellion x3  
  181  11:24  Viking, Hellion, Siege Tank  
  181  11:25  Viking  
  170  11:32  Hellion  
  156  11:41  Hellion x2  
  152  11:50  Command Center  
  152  11:52  Command Center  
  149  11:54  Command Center  
  149  12:20  Viking x2  
  149  12:21  Hellion, Siege Tank x3  
  149  12:22  Hellion x2  
  147  12:42  Factory Tech Lab x3  
  147  12:43  Terran Vehicle Weapons Level 2  
  137  12:44  Planetary Fortress  
  137  12:45  SCV  
  136  12:59  Thor, Siege Tank x2  
  136  13:00  Hellion x2  
  136  13:01  Hellion  
  146  13:16  Thor  
  146  13:17  Thor  
  157  13:23  Viking x2  
  157  13:24  Orbital Command x3  
  157  13:29  Refinery  
  157  13:30  Refinery  
  157  13:31  Thor  
  159  13:39  Thor  
  150  13:59  Thor  
  150  14:00  Siege Tank  
  150  14:01  Hellion  
  153  14:22  Thor  
  153  14:23  Siege Tank x2  
  153  14:24  Hellion  
  143  14:34  Siege Tank  
  146  14:39  Orbital Command  
  146  14:48  Orbital Command, Siege Tank  
  146  14:49  Hellion  
  151  15:06  Hellion x2, Thor  
  161  15:15  SCV  
  161  15:20  SCV x2  
  164  15:35  Hellion x3  
Show
View Real Time Build Order
Export as new Build Order

HateNate Terran - Winner!

Build Orders: Gas First Reaper Expand, Mech 

Get SALT Encoding   

  12  0:00  SCV  
  13  0:13  SCV  
  14  0:17  Supply Depot  
  14  0:25  SCV  
  15  0:30  Refinery  
  15  0:38  SCV  
  16  0:45  Barracks  
  16  0:51  SCV  
  17  1:06  SCV  
  18  1:18  SCV  
  19  1:31  Orbital Command  
  19  1:32  Reaper  
  20  1:44  Command Center  
  20  1:54  Factory  
  20  1:57  SCV  
  21  2:07  Reaper  
  21  2:08  Supply Depot  
  22  2:16  SCV  
  22  2:20  Refinery  
  24  2:30  SCV  
  24  2:38  Hellion  
  24  2:39  Barracks Tech Lab  
  24  2:42  SCV  
  27  2:55  SCV  
  27  2:56  Orbital Command  
  28  3:08  SCV  
  28  3:10  Cyclone  
  32  3:16  Command Center  
  32  3:20  SCV  
  32  3:22  SCV  
  34  3:33  SCV  
  35  3:34  SCV  
  35  3:36  Factory  
  35  3:39  Barracks Reactor  
  36  3:45  SCV  
  36  3:46  SCV  
  38  3:49  Cyclone  
  41  3:57  SCV  
  41  3:59  SCV, Refinery  
  43  4:03  Refinery  
  43  4:07  Starport  
  43  4:09  SCV  
  44  4:12  SCV  
  45  4:21  SCV  
  46  4:26  Barracks Tech Lab  
  46  4:28  SCV  
  47  4:31  SCV  
  47  4:32  Hellion x2  
  47  4:33  Siege Tank  
  55  4:47  SCV  
  55  4:49  Engineering Bay  
  55  4:53  SCV  
  55  4:54  Orbital Command  
  55  4:56  Raven  
  55  4:59  SCV, Hellion  
  61  5:09  SCV  
  61  5:11  SCV  
  60  5:19  SCV  
  61  5:29  Supply Depot  
  61  5:30  Supply Depot  
  61  5:38  SCV x2, Cyclone  
  61  5:39  SCV  
  67  5:45  Missile Turret  
  67  5:46  Missile Turret  
  67  5:47  Raven  
  69  5:51  SCV x3, Hellion x2  
  69  5:53  Factory  
  76  6:03  SCV x3  
  79  6:08  Supply Depot  
  79  6:10  Supply Depot  
  79  6:11  Siege Tank  
  82  6:12  Factory  
  82  6:13  Supply Depot  
  82  6:15  SCV x2  
  84  6:21  Missile Turret  
  84  6:22  SCV  
  85  6:29  Supply Depot  
  85  6:30  SCV  
  90  6:37  SCV  
  90  6:38  Factory Tech Lab  
  87  6:41  SCV  
  87  6:42  SCV  
  87  6:43  Siege Tank  
  87  6:45  Armory  
  87  6:46  Viking x2, Armory  
  96  6:49  SCV  
  97  7:04  Siege Tank  
  97  7:05  Factory Reactor  
  97  7:06  SCV  
  101  7:09  SCV  
  101  7:11  Supply Depot x2  
  101  7:12  Orbital Command  
  102  7:16  Viking  
  102  7:20  SCV  
  102  7:21  Command Center  
  105  7:38  SCV  
  106  7:45  Siege Tank x2  
  106  7:48  Widow Mine x2  
  106  7:50  Refinery x2  
  116  7:52  Viking, Sensor Tower  
  116  7:55  Supply Depot x2  
  118  7:58  Terran Vehicle Weapons Level 1  
  118  7:59  Command Center  
  118  8:00  Command Center  
  118  8:01  SCV x2  
  118  8:02  SCV  
  121  8:08  Supply Depot  
  121  8:09  Supply Depot  
  121  8:10  Supply Depot  
  121  8:11  Hellion, Widow Mine  
  125  8:23  Supply Depot  
  125  8:24  Supply Depot  
  125  8:27  Missile Turret  
  125  8:38  SCV  
  125  8:39  Infernal Pre-Igniter  
  126  8:59  Siege Tank x2  
  132  9:04  Starport  
  132  9:05  Starport  
  132  9:12  Refinery x2  
  132  9:15  Missile Turret  
  132  9:16  Siege Tank  
  135  9:17  Hellion x2  
  135  9:21  Viking x2  
  135  9:22  SCV  
  144  9:29  Planetary Fortress  
  144  9:31  Siege Tank  
  144  9:37  SCV  
  148  9:40  Planetary Fortress  
  148  9:41  Missile Turret  
  148  9:42  Planetary Fortress  
  148  9:45  Missile Turret  
  148  9:57  Terran Vehicle Weapons Level 2  
  148  9:59  Terran Ship Weapons Level 1  
  148  10:00  Siege Tank  
  148  10:01  Hellion  
  153  10:15  Starport Reactor x2  
  153  10:16  Viking x2  
  156  10:25  Refinery x2  
  156  10:27  Refinery x2  
  156  10:30  Supply Depot  
  156  10:31  Command Center  
  154  10:40  Command Center  
  150  10:43  Command Center x2  
  113  11:29  Thor, Siege Tank x2  
  113  11:36  Liberator x4  
  113  11:37  Liberator  
  108  11:47  Liberator  
  105  12:01  Thor  
  105  12:02  Siege Tank  
  114  12:12  Siege Tank  
  114  12:18  Starport  
  114  12:20  Terran Vehicle Weapons Level 3, Terran Ship Weapons Level 2  
  114  12:22  Starport  
  114  12:34  Siege Tank  
  114  12:46  Viking x5  
  118  12:53  Liberator  
  100  13:15  Viking  
  100  13:18  Hellion x3, Siege Tank  
  100  13:19  Hellion  
  113  13:25  SCV x2  
  115  13:40  Hellion x2, Siege Tank x2  
  125  13:42  SCV x2  
  124  13:50  Siege Tank  
  124  13:53  SCV x2  
  128  13:58  Viking x3  
  134  14:04  SCV x2  
  134  14:05  SCV, Refinery  
  134  14:06  SCV  
  134  14:09  Refinery  
  138  14:11  Planetary Fortress  
  138  14:12  Siege Tank  
  138  14:16  SCV  
  142  14:19  Liberator x2  
  142  14:20  Viking  
  146  14:25  Widow Mine x3  
  146  14:30  SCV x4  
  152  14:33  Refinery  
  152  14:34  Starport Tech Lab  
  152  14:35  Missile Turret  
  152  14:36  Refinery  
  152  14:42  SCV  
  153  14:48  Sensor Tower  
  153  14:51  SCV x3  
  156  15:13  SCV x2  
  156  15:15  SCV  
  156  15:17  SCV  
  158  15:23  SCV  
  158  15:25  SCV  
  158  15:27  SCV  
  161  15:29  Hellion, Command Center  
  161  15:30  Hellion x2  
Tags
 
Add a new tag
Caveats
  • Supply blocks, unpowered buildings, or Contaminate may cause inaccurate times.
  • Supply counts are checked every 10 seconds.